 Seeded DCSS version 0.29-a0-1043-g569b05d6ff (webtiles) character file.

Game seed: 2428815684230888813 (custom seed)

777 voltaire321 the Chopper (level 7, -5/54 HPs)
             Began as a Demonspawn Gladiator on Aug 15, 2022.
             Killed by nerve-wracking pain
             ... invoked by Grinder
              (10 damage)
             ... on level 4 of the Dungeon.
             The game lasted 00:11:31 (3727 turns).

voltaire321 the Chopper (Demonspawn Gladiator)      Turns: 3727, Time: 00:11:32

Health: -5/54      AC: 10    Str: 16    XL:     7   Next: 54%
Magic:  7/7        EV: 14    Int: 12    God:
Gold:   235        SH:  0    Dex: 21    Spells: 6/6 levels left

rFire   . . .      SeeInvis .   q - +8 hand axe of Ybos {pain, rElec rC++ Int+3}
rCold   + + .      Faith    .   (no shield)
rNeg    . . .      Spirit   .   r - +1 leather armour {rPois}
rPois   +          Reflect  .   c - +0 helmet
rElec   +          Harm     .   (no cloak)
rCorr   .          Rampage  .   A - +0 pair of gloves
Will    .....                   (no boots)
Stlth   ++........              (no amulet)
HPRegen 0.18/turn               t - +4 ring of protection
MPRegen 0.10/turn               u - +6 ring of dexterity

@: no status effects
A: powered by death 2
a: no special abilities


You were on level 4 of the Dungeon.
You visited 1 branch of the dungeon, and saw 4 of its levels.
You also visited: Sewer and Ossuary.

You collected 235 gold pieces.

Inventory:

Hand Weapons
 a - a +0 war axe
 q - the +8 hand axe of Ybos (weapon) {pain, rElec rC++ Int+3}
   (You found it on level 2 of the Dungeon)

   In the hands of one skilled in necromantic magic, it inflicts extra damage on
   living creatures.
   Int:       It affects your intelligence (+3).
   rC:        It greatly protects you from cold.
   rElec:     It insulates you from electricity.
Missiles
 d - 3 throwing nets (quivered)
Armour
 c - a +0 helmet (worn)
 h - a +0 leather armour of cold resistance
 r - a +1 leather armour of poison resistance (worn)
 A - a +0 pair of gloves (worn)
Jewellery
 f - a ring of fire
 t - a +4 ring of protection (left hand)
 u - a +6 ring of dexterity (right hand)
Wands
 w - a wand of iceblast (5)
Scrolls
 i - 2 scrolls of enchant armour {unknown}
 j - 4 scrolls of identify {unknown}
 l - a scroll of poison {unknown}
 m - 7 scrolls of teleportation
 o - 2 scrolls of enchant weapon {unknown}
 s - 2 scrolls of fear {unknown}
 y - a scroll of brand weapon {unknown}
 B - a scroll of amnesia {unknown}
 C - a scroll of magic mapping {unknown}
 D - a scroll of summoning {unknown}
Potions
 b - 2 potions of berserk rage {unknown}
 g - 6 potions of flight
 k - 4 potions of curing {unknown}
 n - a potion of brilliance {unknown}
 p - 2 potions of mutation {unknown}
 v - 2 potions of degeneration {unknown}
 x - 2 potions of heal wounds {unknown}
 z - a potion of haste {unknown}
 E - a potion of cancellation {unknown}


   Skills:
 + Level 4.2 Fighting
 + Level 4.3 Axes
 + Level 3.8 Throwing
 + Level 3.1 Armour
 + Level 4.3 Dodging


You had 6 spell levels left.
You didn't know any spells.
Your spell library contained the following spells:

 Spells                   Type           Power      Damage    Failure   Level
 Magic Dart               Conj           0%         1d3       36%         1
 Call Imp                 Summ           0%         N/A       52%         2
 Static Discharge         Conj/Air       0%         3-3/arc   52%         2
 Sublimation of Blood     Necr           0%         N/A       52%         2
 Wereblood                Tmut           0%         N/A       52%         2
 Conjure Flame            Conj/Fire      0%         6-21      75%         3
 Ignite Poison            Fire/Tmut/Pois 0%         N/A       75%         3
 Mephitic Cloud           Conj/Pois/Air  0%         N/A       75%         3
 Sticky Flame             Conj/Fire      0%         2d3       98%         4
 Lightning Bolt           Conj/Air       0%         1d11      100%        5
 Summon Hydra             Summ           0%         N/A       100%        7
 Maxwell's Capacitive Co  Air            0%         ∞         100%        8


Dungeon Overview and Level Annotations

Branches:
Dungeon (4/15)             Temple (0/1) D:4           Sewer (visited)
Ossuary (visited)

Altars:
Nemelex Xobeh

Shops:
D:3 [

Annotations:
D:4 Grinder


Innate Abilities, Weirdness & Mutations

You regenerate health from kills.


Message History

You barely miss Grinder.
Grinder is moderately wounded.
Grinder completely misses you.
You barely miss Grinder.
Grinder is moderately wounded.
Grinder barely misses you.
You hit Grinder.
Grinder is heavily wounded.
Grinder gestures at you. Pain shoots through your body!
* * * LOW HITPOINT WARNING * * *
You barely miss Grinder.
Grinder is moderately wounded.
Grinder gestures at you. You resist with significant effort.
You barely miss Grinder.
Grinder is moderately wounded.
Grinder misses you.
You slash Grinder!
Grinder is severely wounded.
Grinder barely misses you. Grinder completely misses you.
You hit Grinder.
Grinder is severely wounded.
Grinder gestures at you.
You suddenly lose the ability to move!
Grinder gestures at you.
You struggle to resist.
Grinder hits you.
* * * LOW HITPOINT WARNING * * *
Grinder hits you.
* * * LOW HITPOINT WARNING * * *
You writhe in agony.
* * * LOW HITPOINT WARNING * * *
Grinder blinks!
You can move again.
You hit Grinder.
Grinder is severely wounded.
Grinder gestures at you. Pain shoots through your body!
You die...

#############
#...........#
#...........#
#...........#### #####
#........>.....# #....
#...........##.# #....
#...........##.####....
#......5..........'....
#.....@.....##..###....
######§########.# #....
#.# #.# #.... #.. ...
##### #.. ...# #...
.....##### #(..
.......... ##...
....#..##.#


You could see Grinder.

Vanquished Creatures
  3 elf zombies (Ossuary)
  A scorpion (D:4)
  A centaur zombie (Ossuary)
  2 hounds (D:4)
  An iguana (D:4)
  A merfolk siren (Sewer)
  A merfolk avatar (Sewer)
  4 hound zombies (Ossuary)
  3 mummies (Ossuary)
  7 adders
  4 river rats
  An ufetubus (D:4)
  3 adder zombies (Ossuary)
  A worm (D:3)
  5 dart slugs
  4 orcs (D:3)
  7 bats
  10 endoplasms
  10 giant cockroaches
  A gnoll zombie (Ossuary)
  7 goblins
  8 hobgoblins
  5 jackals
  6 quokkas
  12 ball pythons
  11 frilled lizards
  4 goblin zombies (Ossuary)
  6 hobgoblin zombies (Ossuary)
  7 jackal zombies (Ossuary)
  6 kobolds
  2 kobold zombies (Ossuary)
  2 orc zombies (Ossuary)
  2 quokka zombies (Ossuary)
  28 rats
  A rat zombie (Ossuary)
177 creatures vanquished.

Notes
Turn   | Place    | Note
-------+----------+-------------------------------------------
     0 | D:1      | voltaire321 the Demonspawn Gladiator began the quest for
                  | the Orb.
     0 | D:1      | Reached XP level 1. HP: 16/16 MP: 1/1
    54 | D:1      | Gained mutation: You regenerate a little health from kills.
                  | [demonic ancestry]
    54 | D:1      | Reached XP level 2. HP: 21/22 MP: 2/2
   258 | D:1      | Found a faded altar of an unknown god.
   353 | D:1      | Reached XP level 3. HP: 28/28 MP: 3/3
   826 | D:1      | Reached skill level 1 in Armour
  1266 | D:2      | Reached XP level 4. HP: 24/34 MP: 4/4
  1393 | D:2      | Identified the +8 hand axe of Ybos {pain, rElec rC++ Int+3}
  1858 | D:3      | Found Lomuh's Armour Shoppe.
  1935 | D:3      | Found a glowing drain.
  1952 | D:3      | Reached XP level 5. HP: 40/40 MP: 5/5
  1962 | Sewer    | Entered a sewer
  2254 | D:3      | Reached XP level 6. HP: 47/47 MP: 6/6
  2391 | D:3      | Found a sparkling altar of Nemelex Xobeh.
  2608 | D:4      | Found a staircase to the Ecumenical Temple.
  2739 | D:4      | Found a sand-covered staircase.
  2743 | Ossuary  | Entered an ossuary
  2796 | Ossuary  | Gained mutation: You regenerate health from kills. [demonic
                  | ancestry]
  2796 | Ossuary  | Reached XP level 7. HP: 26/53 MP: 7/7
  3706 | D:4      | Noticed Grinder
  3722 | D:4      | Paralysed by Grinder for 5 turns
  3727 | D:4      | Killed from afar by Grinder

Illustrated notes

Levels and vault maps discovered:
D:1:      minmay_arrival_shattered_statue, layout_basic,
          hellmonk_ecumenical_altar_zigzags, minmay_misc_feat_enclosed,
          minmay_three_crescents
D:2:      layout_basic, chequers_serial_rivers_small_3
D:3:      layout_basic, lemuel_doored_altar, serial_shops, nicolae_square_shop,
          portal_sewer_entry_c, minmay_bisected
D:4:      layout_basic, temple_pool_b, enter_ossuary_5,
          kennysheep_generic_room_8, uniq_grinder

Skill      XL: |  1  2  3  4  5  6  7 |
---------------+----------------------+-----
Throwing       | 2 3 |  3.8
Dodging        | 3 4 |  4.3
Axes           | 3 4 |  4.3
Armour         | 1 2 3 |  3.1
Fighting       | 3 4 |  4.2

Action                   |  1- 3 |  4- 6 |  7- 9 || total
-------------------------+-------+-------+-------++-------
Melee: War axe           |   103 |     8 |       ||   111
       Punch             |     1 |     2 |     2 ||     5
       Hand axe          |       |   210 |    97 ||   307
Throw: Javelin           |       |     2 |     1 ||     3
Evoke: Wand              |       |     1 |       ||     1
 Stab: Sleeping          |       |     1 |     1 ||     2
Armor: Leather armour    |    48 |    88 |    28 ||   164
Dodge: Dodged            |   103 |   148 |    70 ||   321

Table legend: (Time is in decaauts)
 A = Elapsed time spent in this place.
 B = Non-inter-level travel time spent in this place.
 C = Inter-level travel time spent in this place.
 D = Time resting spent in this place.
 E = Time spent auto-exploring this place.
 F = Levels seen in this place.
 G = Mean time per level.
                   A        B        C        D        E       F      G
               +--------+--------+--------+--------+--------+-----+--------+
         Total |   3835 |   3743 |     92 |    319 |   1981 |   6 |  639.2 |
       Dungeon |   3070 |   2978 |     92 |    164 |   1834 |   4 |  767.5 |
         Sewer |    247 |    247 |      0 |      0 |      0 |   1 |  247.0 |
       Ossuary |    517 |    517 |      0 |    155 |    147 |   1 |  517.0 |
               +--------+--------+--------+--------+--------+-----+--------+

Top non-repeatable levels by time:
     D:1: 973 daAuts
     D:2: 852 daAuts
     D:4: 686 daAuts
     D:3: 558 daAuts
 Ossuary: 517 daAuts
   Sewer: 247 daAuts
